Map: Defender's Landing LE

Players

Rob

  • Race: Protoss Protoss
  • League: Grandmaster
  • Spawn Location: 7:00

Jason - Winner!

  • Race: Terran Terran
  • League: Grandmaster
  • Spawn Location: 1:00

VOD

Have the link to the VOD?

Description

Time

  • Played on: May 14, 2019, 2:41 p.m.
  • Length: 5:37
Show
View Real Time Build Order
Export as new Build Order

Rob Protoss 

Build Orders:  

Get SALT Encoding   

  12  0:00  Probe  
  13  0:12  Probe  
  14  0:17  Pylon  
  14  0:24  Probe  
  15  0:36  Probe  
  15  0:41  Pylon  
  16  0:46  Assimilator  
  16  0:51  Probe  
  17  0:59  Gateway  
  17  1:03  Probe  
  18  1:15  Probe  
  19  1:25  Gateway  
  19  1:27  Probe  
  19  1:38  Zealot  
  19  1:40  Probe  
  20  1:50  Cybernetics Core  
  20  1:53  Probe  
  23  1:59  Zealot  
  23  2:05  Gateway  
  25  2:10  Zealot  
  25  2:15  Pylon  
  25  2:17  Assimilator  
  26  2:26  Shield Battery  
  26  2:32  Stalker  
  26  3:01  Stalker  
  28  3:09  Stalker  
  30  3:15  Nexus  
  30  3:22  Stalker  
  30  3:29  Probe  
  32  3:41  Probe  
  31  3:53  Probe  
  30  4:06  Stalker x2  
  30  4:07  Probe  
  31  4:22  Probe  
  32  4:27  Probe  
  33  4:31  Stalker  
  33  4:36  Stalker  
  33  4:51  Stalker  
Show
View Real Time Build Order
Export as new Build Order

Jason Terran - Winner!

Build Orders: 2 Factory, Cyclone Opening 

Get SALT Encoding   

  12  0:00  SCV  
  13  0:13  SCV  
  14  0:19  Supply Depot  
  14  0:25  SCV  
  15  0:29  Refinery  
  15  0:40  SCV  
  16  0:49  Barracks  
  16  0:53  SCV  
  17  1:05  SCV  
  17  1:10  Refinery  
  18  1:17  SCV  
  19  1:36  Reaper  
  19  1:39  Orbital Command  
  20  1:44  Factory  
  20  1:55  Supply Depot  
  20  2:06  SCV  
  21  2:09  Barracks Tech Lab  
  21  2:17  Factory  
  21  2:24  SCV  
  22  2:37  Cyclone  
  22  2:43  Mag-Field Accelerator  
  25  2:45  SCV  
  26  3:02  Factory Tech Lab  
  26  3:04  SCV  
  27  3:11  Cyclone  
  30  3:22  Supply Depot x2  
  30  3:37  Supply Depot  
  27  3:44  Cyclone  
  24  3:59  SCV  
  21  4:11  SCV  
  21  4:13  Cyclone  
  24  4:23  SCV  
  25  4:28  Widow Mine  
  27  4:35  SCV  
  28  4:47  SCV  
  29  4:55  Cyclone  
  32  5:02  Bunker  
  32  5:04  SCV  
Tags
 
Add a new tag
Caveats
  • Supply blocks, unpowered buildings, or Contaminate may cause inaccurate times.
  • Supply counts are checked every 10 seconds.